Map: New Repugnancy LE

Players

GhostHell - Winner!

  • Race: Zerg Zerg
  • Spawn Location: 1:00

DIMAGA

  • Race: Zerg Zerg
  • Spawn Location: 7:00

Event: 2019 WCS Spring

VOD

Have the link to the VOD?

Description

Time

  • Played on: May 17, 2019, 7:58 a.m.
  • Length: 9:45

All games in this series

Show
View Real Time Build Order
Export as new Build Order

GhostHell Zerg - Winner!

Build Orders: Hatch First 

Get SALT Encoding   

  12  0:01  Drone  
  13  0:13  Overlord  
  13  0:18  Drone  
  14  0:32  Drone  
  14  0:33  Drone  
  14  0:35  Drone  
  17  0:52  Hatchery  
  17  0:55  Drone  
  17  0:58  Drone  
  18  1:09  Extractor  
  17  1:13  Spawning Pool  
  17  1:17  Drone  
  17  1:19  Drone  
  18  1:29  Drone  
  19  1:41  Overlord  
  19  1:51  Drone  
  20  2:00  Queen  
  20  2:01  Zergling x2  
  23  2:05  Queen, Drone  
  26  2:09  Metabolic Boost  
  26  2:12  Drone  
  27  2:16  Drone  
  28  2:26  Drone  
  28  2:27  Drone  
  30  2:35  Drone  
  31  2:37  Hatchery  
  31  2:40  Drone  
  31  2:44  Drone  
  32  2:53  Baneling Nest  
  32  2:57  Drone x2  
  32  3:03  Drone  
  33  3:06  Overlord  
  33  3:14  Drone x3  
  36  3:21  Overlord  
  36  3:25  Zergling x8  
  40  3:31  Queen  
  40  3:32  Zergling x2  
  43  3:38  Zergling x2  
  44  3:41  Zergling x6  
  44  3:44  Baneling x2  
  44  3:48  Zergling x8  
  51  3:50  Queen  
  51  3:55  Drone  
  54  3:58  Drone  
  55  4:03  Evolution Chamber  
  55  4:05  Drone x2  
  55  4:07  Extractor  
  55  4:09  Extractor  
  54  4:10  Baneling x3  
  54  4:11  Baneling  
  53  4:23  Drone  
  53  4:24  Drone x5  
  58  4:30  Zerg Missile Weapons Level 1  
  57  4:33  Drone  
  57  4:34  Overlord x3  
  57  4:46  Lair  
  57  4:51  Roach Warren  
  56  4:54  Drone x3  
  56  4:55  Drone x2  
  56  4:56  Drone  
  62  5:04  Drone x5  
  67  5:08  Drone x2  
  69  5:16  Drone x4  
  69  5:18  Overlord  
  73  5:31  Extractor x2  
  73  5:34  Drone x3  
  73  5:35  Drone x3  
  76  5:36  Drone x3  
  76  5:39  Overlord  
  79  5:43  Pneumatized Carapace  
  79  5:46  Glial Reconstitution  
  79  5:47  Roach  
  79  5:48  Roach x3  
  87  5:51  Overlord  
  87  5:55  Evolution Chamber, Overseer  
  86  6:01  Roach x4  
  93  6:13  Roach x6  
  105  6:23  Overlord  
  105  6:24  Zerg Ground Armor Level 1  
  104  6:27  Roach  
  104  6:28  Overlord x2  
  100  6:42  Roach x7  
  114  6:47  Overlord  
  114  6:48  Overseer  
  114  6:50  Zerg Missile Weapons Level 2  
  110  6:57  Roach x6  
  110  7:00  Overlord  
  120  7:05  Hatchery  
  120  7:08  Roach x4  
  127  7:17  Roach x3  
  133  7:24  Overlord x2  
  133  7:28  Roach x6  
  145  7:37  Overlord  
  145  7:38  Overlord x3  
  145  7:44  Roach  
  145  7:45  Ravager, Roach x2  
  145  7:46  Ravager x3  
  145  7:50  Roach x2  
  145  7:51  Roach  
  161  7:56  Overlord  
  161  8:01  Roach x5  
  171  8:11  Roach  
  171  8:12  Roach x5  
  183  8:18  Overseer  
  183  8:20  Roach  
  183  8:21  Roach x3  
  191  8:35  Roach x4  
  195  8:54  Roach x6  
  189  9:05  Roach x7  
  171  9:25  Roach x2  
  171  9:26  Roach x6  
  171  9:31  Hydralisk Den  
  178  9:32  Extractor  
Show
View Real Time Build Order
Export as new Build Order

DIMAGA Zerg 

Build Orders: Hatch First 

Get SALT Encoding   

  12  0:00  Drone  
  13  0:12  Overlord  
  13  0:16  Drone  
  14  0:30  Drone x2  
  16  0:47  Hatchery  
  15  0:50  Drone  
  15  0:54  Drone  
  17  0:57  Drone  
  18  1:08  Extractor  
  17  1:13  Spawning Pool  
  17  1:16  Drone  
  17  1:20  Drone  
  18  1:28  Drone  
  19  1:38  Drone  
  20  1:48  Drone  
  21  1:59  Overlord  
  21  2:00  Queen, Drone  
  21  2:01  Queen  
  24  2:08  Metabolic Boost  
  26  2:10  Drone x2  
  28  2:23  Drone x2  
  30  2:33  Hatchery  
  29  2:41  Baneling Nest  
  29  2:42  Zergling x4  
  30  2:47  Overlord  
  30  2:59  Extractor  
  30  3:05  Drone x5  
  35  3:06  Queen  
  37  3:13  Zergling x4  
  37  3:14  Drone  
  40  3:21  Overlord  
  40  3:24  Baneling x2  
  40  3:26  Drone  
  41  3:27  Zergling x2  
  41  3:30  Zergling x2  
  43  3:38  Drone  
  44  3:53  Evolution Chamber, Drone x9  
  52  3:59  Zergling x4  
  52  4:01  Baneling x2  
  54  4:06  Overlord  
  54  4:11  Baneling x2  
  54  4:17  Zergling x8  
  55  4:33  Overlord x2  
  55  4:34  Zerg Missile Weapons Level 1  
  55  4:35  Extractor x2  
  53  4:45  Drone x8  
  61  4:54  Lair  
  61  4:58  Roach Warren  
  60  5:04  Overlord  
  60  5:10  Drone  
  60  5:13  Drone x8  
  68  5:18  Overlord  
  68  5:23  Pneumatized Carapace  
  68  5:29  Overlord  
  68  5:41  Overlord, Extractor  
  68  5:42  Roach x9  
  85  5:43  Extractor  
  85  5:49  Baneling x2  
  84  5:58  Overseer  
  84  5:59  Overseer  
  84  6:05  Roach  
  84  6:06  Roach, Zergling x14  
  94  6:21  Roach  
  94  6:22  Roach x4  
  93  6:42  Zerg Missile Weapons Level 2, Drone x8  
  100  6:47  Overlord x4  
  94  6:58  Roach x7  
  94  7:01  Evolution Chamber  
  101  7:06  Roach x4  
  107  7:13  Roach  
  109  7:19  Overlord  
  109  7:21  Extractor  
  109  7:22  Roach x5  
  118  7:29  Zerg Ground Armor Level 1  
  118  7:33  Overlord x2  
  118  7:36  Hatchery  
  117  7:37  Drone  
  117  7:39  Roach x5  
  117  7:40  Roach  
  117  7:41  Ravager x3  
  133  7:46  Glial Reconstitution  
  133  7:55  Drone  
  133  7:56  Drone  
  135  8:02  Roach x6  
  147  8:15  Ravager  
  147  8:16  Roach x6  
  160  8:22  Overlord x4  
  160  8:38  Overlord x3  
  160  8:40  Queen  
  156  8:45  Roach x9  
  153  8:57  Roach x4  
  153  9:02  Roach  
  139  9:03  Roach x4  
  139  9:05  Roach  
  126  9:10  Roach  
  126  9:13  Roach x2  
  126  9:14  Ravager  
  106  9:18  Roach  
  106  9:20  Roach  
  92  9:40  Roach Warren  
Tags
 
Add a new tag
Caveats
  • Supply blocks, unpowered buildings, or Contaminate may cause inaccurate times.
  • Supply counts are checked every 10 seconds.